 Seeded DCSS version 0.30.0-19-g36f170ea60 (webtiles) character file.

Game seed: 8994729474104937668 (custom seed)

126 CInkIbrahim the Chopper (level 5, 32/32 HPs)
             Began as a Gargoyle Cinder Acolyte on May 27, 2023.
             Was a High Priest of Ignis.
             Quit the game on level 3 of the Dungeon.
             The game lasted 00:02:29 (2056 turns).

CInkIbrahim the Chopper (Gargoyle Cinder Acolyte)   Turns: 2056, Time: 00:02:30

Health: 32/32      AC: 12    Str: 19    XL:     5   Next: 10%
Magic:  6/7        EV: 10    Int: 15    God:    Ignis [*****.]
Gold:   133        SH:  0    Dex:  5    Spells: 6/6 levels left

rFire   + + .        a - -1 hand axe (flame)
rCold   . . .        (no shield)
rNeg    + . .        u - +0 ring mail
rPois   ∞            (no helmet)
rElec   +            n - +0 cloak
rCorr   .            (no gloves)
SInv    +            (no boots)
Will    .....        (no amulet) Stlth
                     j - ring of protection from fire
HPRegen 0.25/turn    v - ring of see invisible
MPRegen 0.10/turn

%: no passive effects
@: no status effects
A: sickness immunity, AC +4, negative energy resistance 1, electricity
resistance, torment resistance 1, petrification resistance, iridescent scales 1,
high MP 1, teleportitis 1, no potion heal 1
a: Renounce Religion, Fiery Armour, Foxfire Swarm, Rising Flame


You were on level 3 of the Dungeon.
You worshipped Ignis.
Ignis was extremely pleased with you.
You visited 1 branch of the dungeon, and saw 3 of its levels.

You collected 133 gold pieces.

Inventory:

Hand Weapons
 a - a -1 hand axe of flaming (weapon)
Armour
 b - a +0 robe
 n - a +0 cloak (worn)
 u - a +0 ring mail (worn)
Jewellery
 j - a ring of protection from fire (left hand)
 v - a ring of see invisible (right hand)
 y - a ring of resist corrosion
Wands
 t - a wand of roots (7)
Scrolls
 d - 2 scrolls of vulnerability {unknown}
 e - 4 scrolls of identify {unknown}
 f - 2 scrolls of torment {unknown}
 g - a scroll of blinking {unknown}
 h - a scroll of fear {unknown}
 i - 2 scrolls of immolation {unknown}
 k - 2 scrolls of magic mapping {unknown}
 m - 3 scrolls of silence {unknown}
 o - 2 scrolls of teleportation {unknown}
 p - a scroll of enchant armour {unknown}
 q - a scroll of enchant weapon {unknown}
Potions
 c - a potion of berserk rage
 l - a potion of might {unknown}
 r - 2 potions of magic {unknown}
 s - a potion of attraction {unknown}
 w - a potion of heal wounds {unknown}
 x - a potion of curing


   Skills:
 - Level 3.2 Fighting
 + Level 5.1 Axes
 - Level 1.0 Spellcasting
 - Level 3.0 Fire Magic


You had 6 spell levels left.
You didn't know any spells.
Your spell library contained the following spells:

 Spells                   Type           Power      Damage    Failure   Level
 Scorch                   Fire           18%        2d6       19%         2
 Sandblast                Erth           0%         2d4       38%         1
 Summon Small Mammal      Summ           0%         N/A       38%         1
 Passwall                 Tmut/Erth      0%         N/A       54%         2
 Call Canine Familiar     Summ           0%         N/A       77%         3
 Summon Guardian Golem    Hex/Summ       0%         N/A       77%         3
 Borgnjor's Vile Clutch   Necr/Erth      0%         N/A       100%        5
 Iron Shot                Conj/Erth      0%         9d1       100%        6
 Statue Form              Tmut/Erth      Unusable   N/A       N/A         6

Dungeon Overview and Level Annotations

Branches:
Dungeon (3/15)

Altars:


Innate Abilities, Weirdness & Mutations

You are immune to sickness and miasma.
Your stone body is resilient. (AC +4)
You are immune to poison.
You resist negative energy. (rN+)
You are resistant to electric shocks. (rElec)
You are resistant to unholy torment.
You are immune to petrification.
You are partially covered in iridescent scales. (AC +2)
You have an increased reservoir of magic. (+10% MP)
You are occasionally teleported next to monsters.
Potions are less effective at restoring your health.


Message History

You hit the bush. You burn the bush. The adder bites you.
The adder barely misses you.
You closely miss the adder.
The adder is severely wounded.
You hit the bush but do no damage. The adder bites you but does no damage.
You hit the adder. You burn the adder.
You kill the adder!
You hit the bush. You burn the bush.
No target in view!
You start resting.
HP restored.
You see here an adder corpse.
You see here a +0 ring mail.
You see here a +0 ring mail.
You see here an adder corpse.
There is a stone staircase leading down here.
You see here a bat skeleton.
Found a plate armour.
No target in view!
Found a stone staircase leading up.
No target in view!
Found a dagger.
No target in view!
A goblin comes into view. It is wielding a +0 club.
A goblin is nearby!
The goblin barely misses you.
A goblin is nearby!
You hit the goblin but do no damage. The goblin hits you but does no damage.
A goblin is nearby!
You barely miss the goblin. The goblin hits you but does no damage.
A goblin is nearby!
You barely miss the goblin. The goblin hits you but does no damage.
A goblin is nearby!
You hit the goblin. You burn the goblin.
You kill the goblin!
It was a potion of mutation.
You feel extremely strange.
Iridescent scales grow over part of your body.
Your system partially rejects the healing effects of potions.
You feel weirdly uncertain.
You feel more energetic.
Are you sure you want to abandon this character and quit the game? (Confirm with "yes".)

#### ### .<#
...#[#
#####)#.########
.......!.@)....#
.###.#.######.#
#.#). #.#.#
#.#.# #.#.#
#.#.# #.#.# ####
#.#.#


There were no monsters in sight!

Vanquished Creatures
  Terence (D:2)
  Jessica (D:3)
  An adder (D:3)
  A gnoll (D:1)
  A worm (D:3)
  3 dart slugs
  2 endoplasms (D:1)
  2 giant cockroaches (D:2)
  8 hobgoblins
  2 quokkas (D:3)
  4 ball pythons
  6 bats
  4 frilled lizards
  6 goblins
  2 kobolds (D:1)
  3 rats
47 creatures vanquished.

Notes
Turn   | Place    | Note
-------+----------+-------------------------------------------
     0 | D:1      | CInkIbrahim the Gargoyle Cinder Acolyte began the quest for
                  | the Orb.
     0 | D:1      | Reached XP level 1. HP: 14/14 MP: 2/2
    70 | D:1      | Reached skill level 3 in Axes
   146 | D:1      | Reached XP level 2. HP: 19/19 MP: 3/3
   295 | D:1      | Reached XP level 3. HP: 15/23 MP: 4/4
   715 | D:2      | Reached skill level 4 in Axes
  1113 | D:2      | Noticed Terence
  1119 | D:2      | Killed Terence
  1120 | D:2      | Reached XP level 4. HP: 28/28 MP: 5/5
  1623 | D:3      | Got the Tome of the Mantle
  1757 | D:3      | Noticed Jessica
  1765 | D:3      | Killed Jessica
  1850 | D:3      | Reached skill level 5 in Axes
  1885 | D:3      | Reached XP level 5. HP: 30/32 MP: 6/6
  2055 | D:3      | Gained mutation: You are partially covered in iridescent
                  | scales. (AC +2) [potion of mutation]
  2055 | D:3      | Gained mutation: Potions are less effective at restoring
                  | your health. [potion of mutation]
  2055 | D:3      | Gained mutation: You are occasionally teleported next to
                  | monsters. [potion of mutation]
  2055 | D:3      | Gained mutation: You have an increased reservoir of magic.
                  | (+10% MP) [potion of mutation]
  2056 | D:3      | Quit the game

Illustrated notes

Levels and vault maps discovered:
D:1:      ncdulo_halloftheorcs, layout_rooms, minmay_tetromino_o4
D:2:      layout_loops_cross, uniq_terence
D:3:      layout_basic, serial_forest, infiniplex_forest_diagonal,
          infiniplex_forest_straight_2, infiniplex_forest_lined_1,
          infiniplex_forest_lined_corner, infiniplex_forest_clump_small,
          infiniplex_forest_zigzag_2, infiniplex_forest_clump_tiny, uniq_jessica

Skill      XL: |  1  2  3  4 |
---------------+-------------+-----
Axes           | 3 4 5 |  5.1
Fighting       | |  3.2
Spellcasting   | |  1.0
Fire Magic     | |  3.0

Action                     |  1- 3 |  4- 6 || total
---------------------------+-------+-------++-------
  Melee: Hand axe          |    86 |    85 ||   171
         Punch             |     1 |       ||     1
    Use: Potion            |     1 |     3 ||     4
 Armour: Robe              |    26 |     1 ||    27
         Ring mail         |       |    54 ||    54
  Dodge: Dodged            |    55 |    56 ||   111
